Map: 사이버 포레스트 - 래더

Players

Bly

  • Race: Zerg Zerg
  • Spawn Location: 11:00

herO - Winner!

  • Race: Protoss Protoss
  • Spawn Location: 5:00

Event: IEM Season 13: Katowice (2019)

VOD

Have the link to the VOD?

Description

Time

  • Played on: Feb. 25, 2019, 12:54 p.m.
  • Length: 8:46

All games in this series

Show
View Real Time Build Order
Export as new Build Order

Bly Zerg 

Build Orders: Pool First 

Get SALT Encoding   

  12  0:02  Drone  
  13  0:12  Overlord  
  13  0:17  Drone  
  14  0:30  Drone x2  
  16  0:42  Spawning Pool  
  15  0:51  Drone x2  
  17  1:14  Hatchery  
  17  1:18  Drone  
  17  1:30  Zergling x2  
  17  1:31  Zergling x4  
  20  1:38  Queen  
  22  1:45  Overlord  
  22  1:48  Evolution Chamber  
  22  1:56  Hatchery  
  22  2:17  Queen  
  24  2:26  Drone x3  
  24  2:29  Extractor  
  25  2:39  Drone  
  26  2:52  Drone  
  26  2:53  Drone x2  
  29  3:04  Drone  
  30  3:07  Queen  
  30  3:08  Overlord  
  30  3:11  Hatchery  
  31  3:18  Drone x3  
  34  3:28  Drone  
  34  3:29  Drone x2  
  34  3:33  Metabolic Boost  
  37  3:41  Overlord  
  37  3:44  Drone x2  
  37  3:48  Drone  
  40  3:54  Drone x3  
  43  4:02  Roach Warren  
  42  4:04  Drone  
  42  4:05  Drone  
  42  4:08  Drone  
  45  4:11  Drone x2  
  47  4:18  Drone x3  
  47  4:23  Extractor  
  49  4:25  Drone x3  
  49  4:28  Extractor  
  51  4:34  Drone x3  
  54  4:40  Overlord  
  54  4:56  Overlord  
  54  4:58  Roach x2, Overlord x2  
  58  5:00  Roach x4  
  66  5:07  Lair, Overlord  
  66  5:15  Zergling x8  
  66  5:19  Overlord  
  70  5:23  Zergling x12  
  72  5:37  Drone x2  
  72  5:40  Extractor  
  72  5:41  Zergling x8  
  72  5:42  Zergling x8  
  79  5:50  Roach x5  
  85  6:03  Roach x4  
  85  6:05  Glial Reconstitution  
  85  6:09  Roach x3, Overseer  
  91  6:17  Queen  
  92  6:22  Queen  
  87  6:31  Drone  
  87  6:32  Drone x4  
  88  6:33  Drone x4  
  88  6:39  Zergling x8  
  96  6:49  Overlord x3  
  92  7:03  Zergling x14  
  99  7:12  Zergling x8  
  99  7:15  Extractor x2  
  102  7:20  Overseer  
  102  7:22  Zergling x6  
  102  7:32  Spire  
  102  7:34  Roach  
  102  7:35  Roach x4  
  111  7:41  Ravager x9  
  111  7:42  Roach x3  
  123  7:46  Zergling x4  
  123  7:47  Zergling x6  
  122  8:04  Roach x5  
  104  8:13  Roach x3  
  104  8:19  Roach  
  92  8:23  Roach x2  
Show
View Real Time Build Order
Export as new Build Order

herO Protoss - Winner!

Build Orders: Chargelot Immortal 

Get SALT Encoding   

  12  0:00  Probe  
  13  0:12  Probe  
  14  0:18  Pylon  
  14  0:24  Probe  
  15  0:32  Probe  
  15  0:40  Gateway, Probe  
  16  0:48  Assimilator  
  17  0:51  Probe  
  18  1:03  Probe  
  19  1:15  Probe  
  19  1:16  Pylon  
  20  1:18  Zealot  
  20  1:27  Probe  
  20  1:30  Cybernetics Core  
  23  1:39  Probe  
  24  1:44  Zealot  
  26  2:07  Adept  
  26  2:11  Nexus  
  26  2:22  Assimilator  
  28  2:25  Probe  
  28  2:37  Probe  
  28  2:38  Robotics Facility  
  29  2:45  Pylon  
  29  2:49  Probe  
  30  2:53  Warp Gate  
  30  3:03  Probe  
  30  3:04  Pylon  
  31  3:12  Shield Battery  
  31  3:15  Immortal  
  31  3:23  Probe  
  36  3:28  Probe  
  36  3:31  Probe  
  37  3:40  Probe  
  37  3:41  Probe  
  39  3:48  Immortal  
  40  3:53  Probe x2  
  46  4:03  Gateway  
  46  4:06  Probe x2  
  48  4:12  Pylon  
  48  4:15  Twilight Council  
  48  4:18  Probe x2  
  48  4:19  Warp Prism  
  54  4:34  Gateway  
  54  4:35  Gateway  
  54  4:37  Probe  
  53  4:38  Probe  
  53  4:43  Sentry, Pylon  
  56  4:46  Charge  
  56  4:49  Observer, Probe  
  56  4:50  Probe  
  58  4:59  Forge  
  59  5:08  Probe x2, Assimilator  
  59  5:11  Zealot x2  
  59  5:12  Assimilator  
  65  5:16  Pylon  
  65  5:18  Pylon  
  65  5:21  Probe  
  65  5:22  Probe  
  67  5:31  Protoss Ground Weapons Level 1  
  69  5:39  Zealot  
  69  5:40  Zealot x3  
  75  5:47  Immortal  
  77  5:53  Pylon  
  69  6:07  Zealot x4  
  69  6:11  Gateway  
  75  6:23  Gateway  
  75  6:24  Immortal  
  73  6:28  Gateway  
  71  6:33  Templar Archives  
  71  6:36  Stalker  
  73  6:41  Gateway  
  73  6:44  Sentry x2  
  73  6:46  Sentry  
  79  6:53  Pylon  
  79  6:56  Immortal  
  83  7:10  Zealot x3  
  83  7:14  Pylon  
  89  7:16  Zealot  
  91  7:29  Pylon  
  91  7:37  High Templar x2  
  91  7:38  Zealot x5  
  91  7:43  Zealot x5, High Templar x2  
  105  7:47  Archon  
  105  7:48  Pylon  
  103  8:03  Zealot  
  103  8:04  Zealot  
  95  8:19  Zealot x2  
  91  8:20  Zealot x3  
  89  8:39  Zealot x2  
  89  8:40  Zealot x2  

Tags
 
Add a new tag
Caveats
  • Supply blocks, unpowered buildings, or Contaminate may cause inaccurate times.
  • Supply counts are checked every 10 seconds.